 Dungeon Crawl Stone Soup version 0.21.0-36-ge3e1d5aaab (webtiles) character file.

109 Alannah the Charmwright (level 4, -3/34 HPs)
             Began as a Merfolk Skald on Jan 30, 2018.
             Was an Initiate of Ru.
             Slain by Crazy Yiuf
             ... wielding a +4 quarterstaff of chaos
              (9 damage)
             ... on level 2 of the Dungeon.
             The game lasted 00:10:39 (2428 turns).

Alannah the Charmwright (Merfolk Skald)             Turns: 2428, Time: 00:10:40

Health: -3/34      AC:  4    Str: 12    XL:     4   Next: 89%
Magic:  5/7        EV: 13    Int: 12    God:    Ru [......]
Gold:   106        SH:  0    Dex: 13    Spells: 2/8 levels left

rFire    . . .     SeeInvis .   a - +0 spear
rCold    . . .     Gourm    .   (no shield)
rNeg     . . .     Faith    .   b - +0 leather armour
rPois    .         Spirit   .   e - +0 helmet
rElec    .         Reflect  .   (no cloak)
rCorr    .         Harm     .   (no gloves)
MR       +....                  (no boots)
Stlth    +.........             (no amulet)
HPRegen  0.11/turn              n - ring of protection from magic
MPRegen  0.10/turn              (no ring)

@: lethally poisoned (-3 -> -12), infused
A: change form in water, swift swim, stealthy swim
a: Renounce Religion


You were on level 2 of the Dungeon.
You worshipped Ru.
Ru was noncommittal.
You were not hungry.

You visited 1 branch of the dungeon, and saw 2 of its levels.

You collected 106 gold pieces.

Inventory:

Hand Weapons
 a - a +0 spear (weapon)
Armour
 b - a +0 leather armour (worn)
 e - a +0 helmet (worn)
Jewellery
 n - a ring of protection from magic (left hand)
Scrolls
 g - 5 scrolls of identify {unknown}
 h - a scroll of teleportation {unknown}
 i - a scroll of amnesia {unknown}
 k - 2 scrolls of fear {unknown}
Potions
 f - a potion of agility
 j - a potion of berserk rage {unknown}
 l - a potion of ambrosia {unknown}
 m - a potion of magic
 o - 2 potions of curing {unknown}
Books
 c - a book of Battle

   Spells                             Type                      Level
   a - Infusion                       Charms                       1
   b - Shroud of Golubria             Charms/Translocation         2
   c - Song of Slaying                Charms                       2
   d - Spectral Weapon                Hexes/Charms                 3
   e - Regeneration                   Charms/Necromancy            3
Comestibles
 d - 3 rations


   Skills:
 + Level 2.9 Fighting
 + Level 3.8 Polearms
 + Level 0.6 Armour
 + Level 3.6 Dodging
 + Level 2.5 Spellcasting
 * Level 4.1 Charms
 + Level 0.4 Necromancy
 + Level 0.2 Translocations


You had 2 spell levels left.
You knew the following spells:

 Your Spells              Type           Power        Failure   Level  Hunger
a - Infusion              Chrm           ##..         6%          1    #......
b - Shroud of Golubria    Chrm/Tloc      #.........   21%         2    ###....
c - Regeneration          Chrm/Necr      #.........   36%         3    ###....


Dungeon Overview and Level Annotations

Branches:
Dungeon (2/15)

Altars:
Ru

Annotations:
D:2 Crazy Yiuf


Message History

You are poisoned.
Your leather armour prevents you from hitting Crazy Yiuf.
Crazy Yiuf is lightly wounded.
You feel sick.
You hit Crazy Yiuf.
Crazy Yiuf is moderately wounded.
You feel sick.
Crazy Yiuf hits you with a quarterstaff of chaos!
Crazy Yiuf freezes you.
* * * LOW HITPOINT WARNING * * *
You hit Crazy Yiuf.
Crazy Yiuf is heavily wounded.
* * * LOW HITPOINT WARNING * * *
You feel sick. Crazy Yiuf barely misses you.
You closely miss Crazy Yiuf.
Crazy Yiuf is heavily wounded.
* * * LOW HITPOINT WARNING * * *
You feel sick.
Crazy Yiuf hits you with a quarterstaff of chaos!
You die...

..# #####.# #....# ######## ..#
#.....# ♣P..P♣ #....... ..#
#...### ♣♣PP.♣ #....... ..# #...#
♣♣.♣♣ #####....... ..# #...# ♣♣.♣
#.......[... ..# #...# ♣.♣♣
#........... ..# #...# ♣♣.♣
#........... ..# #...# ♣.♣♣
#........... ..# #...### #@#
#........... ..####.....# #.g.#
#....#....## .........### #...#
#....#)...## ........<..# #)..#
#....'....'. .........### #####
#....#....## .....)...###
#....#....#
.........#.###########....#....#
>................'............##
.#####.#.#.#..####........###..##


You could see Crazy Yiuf.

Vanquished Creatures
  Robin (D:2)
  An adder (D:2)
  3 oozes
  A dart slug (D:1)
  4 leopard geckos
  A ball python (D:1)
  7 bats
  2 giant cockroaches
  13 goblins
  11 hobgoblins
  4 jackals (D:1)
  4 kobolds
  A frilled lizard (D:2)
  11 rats
64 creatures vanquished.

Notes
Turn   | Place    | Note
-------+----------+-------------------------------------------
     0 | D:1      | Alannah the Merfolk Skald began the quest for the Orb.
     0 | D:1      | Reached XP level 1. HP: 16/16 MP: 3/3
    45 | D:1      | Reached XP level 2. HP: 14/23 MP: 5/5
   621 | D:1      | Reached XP level 3. HP: 28/28 MP: 6/6
   630 | D:1      | Learned a level 2 spell: Shroud of Golubria
   634 | D:1      | Learned a level 3 spell: Regeneration
  1438 | D:2      | Reached XP level 4. HP: 31/34 MP: 7/7
  1773 | D:2      | Found a sacrificial altar of Ru.
  1780 | D:2      | Became a worshipper of Ru the Awakened
  1841 | D:2      | Noticed Robin
  1860 | D:2      | Reached skill level 4 in Charms
  1910 | D:2      | Killed Robin
  2416 | D:2      | Found a runed door.
  2421 | D:2      | Noticed Crazy Yiuf
  2428 | D:2      | Slain by Crazy Yiuf

Skill      XL: |  1  2  3  4 |
---------------+-------------+-----
Dodging        | 3 |  3.6
Charms         | 4 |  4.1
Fighting       | |  2.9
Polearms       | |  3.8
Armour         | |  0.6
Spellcasting   | |  2.5
Necromancy     | |  0.4
Translocations | |  0.2

Action                   |  1- 3 |  4- 6 || total
-------------------------+-------+-------++-------
Melee: Spear             |   164 |   111 ||   275
 Cast: Infusion          |       |     3 ||     3
       Shroud of Golubri |       |     2 ||     2
  Use: Potion            |       |     3 ||     3
 Stab: Sleeping          |       |     1 ||     1
  Eat: Chunk             |     1 |     4 ||     5
Armor: Leather armour    |    36 |    34 ||    70
Dodge: Dodged            |    84 |   102 ||   186
